 Dungeon Crawl Stone Soup version 0.29.1 (webtiles) character file.

Game seed: 9082085403862099818

98 xian the Trooper (level 4, -15/40 HPs)
             Began as a Draconian Fighter on Sept 13, 2022.
             Killed from afar by Ijyb (21 damage)
             ... with a bolt of light
             ... on level 3 of the Dungeon.
             The game lasted 00:04:28 (2352 turns).

xian the Trooper (Draconian Fighter)                Turns: 2352, Time: 00:04:29

Health: -15/40     AC:  9    Str: 20    XL:     4   Next: 43%
Magic:  4/4        EV: 12    Int:  8    God:
Gold:   93         SH:  4    Dex: 11    Spells: 3/3 levels left

rFire   . . .      SeeInvis .   a - +1 war axe
rCold   . . .      Faith    .   b - +0 buckler
rNeg    . . .      Spirit   .   (body armour unavailable)
rPois   .          Reflect  .   (helmet restricted)
rElec   .          Harm     .   n - +1 cloak
rCorr   .          Rampage  .   j - +0 pair of gloves
Will    .....                   o - +0 pair of boots
Stlth   +.........              (no amulet)
HPRegen 0.13/turn               (no ring)
MPRegen 0.09/turn               (no ring)

@: no status effects
A: AC +5, unfitting armour, cold-blooded
a: no special abilities


You were on level 3 of the Dungeon.
You visited 1 branch of the dungeon, and saw 3 of its levels.

You collected 93 gold pieces.

Inventory:

Hand Weapons
 a - a +1 war axe (weapon)
Missiles
 m - 2 poisoned darts (quivered)
Armour
 b - a +0 buckler (worn)
 j - a +0 pair of gloves (worn)
 n - a +1 cloak (worn)
 o - a +0 pair of boots (worn)
Scrolls
 d - 2 scrolls of identify {unknown}
 g - 3 scrolls of enchant weapon
 k - a scroll of teleportation {unknown}
Potions
 c - 2 potions of might
 e - 4 potions of curing {unknown}
 f - a potion of lignification {unknown}
 h - 2 potions of heal wounds {unknown}
 i - a potion of brilliance {unknown}
 l - a potion of haste {unknown}


   Skills:
 + Level 4.0 Fighting
 + Level 3.6 Axes
 + Level 3.1 Dodging
 + Level 0.5 Stealth
 + Level 3.1 Shields


You had 3 spell levels left.
You didn't know any spells.
Your spell library contained the following spells:

 Spells                   Type           Power      Damage    Failure   Level
 Poisonous Vapours        Pois/Air       0%         N/A       65%         2
 Corpse Rot               Necr/Pois/Air  0%         N/A       99%         4


Dungeon Overview and Level Annotations

Branches:
Dungeon (3/15)

Altars:

Shops:
D:3 =

Annotations:
D:3 Ijyb


Innate Abilities, Weirdness & Mutations

Your plain brown scales are hard. (AC +5)
You cannot fit into any form of body armour.
You are cold-blooded and may be slowed by cold attacks.


Message History

You continue putting on your +0 pair of boots. x4
You finish putting on your +0 pair of boots.
Ijyb the Twisted Goblin comes into view.
She is wielding a +2 spectral club, wearing a +3 leather armour of fire resistance and carrying a wand of light (6).
Ijyb shouts!
Ijyb closely misses you.
You hit Ijyb. You tail-slap Ijyb, but do no damage.
Ijyb is lightly wounded.
Ijyb hits you with a +2 spectral club.
You hit Ijyb but do no damage.
Ijyb is lightly wounded.
Ijyb hits you but does no damage.
You closely miss Ijyb.
Your tail-slap misses Ijyb.
Ijyb is lightly wounded.
You block Ijyb's attack. Ijyb hits you with a +2 spectral club.
You closely miss Ijyb.
Ijyb is lightly wounded.
Ijyb barely misses you.
You hit Ijyb.
Ijyb is lightly wounded.
Ijyb barely misses you.
You completely miss Ijyb. You tail-slap Ijyb, but do no damage.
Ijyb is lightly wounded.
Ijyb hits you but does no damage. Ijyb hits you with a +2 spectral club.
You hit Ijyb.
Ijyb is moderately wounded.
Ijyb screams, "I no like you!" Ijyb hits you with a +2 spectral club.
You completely miss Ijyb.
Your tail-slap misses Ijyb.
Ijyb is moderately wounded.
Ijyb zaps a wand.
The bolt of light hits you!
You closely miss Ijyb.
Ijyb is moderately wounded.
Ijyb zaps a wand.
The bolt of light hits you!
* * * LOW HITPOINT WARNING * * *
Ijyb zaps a wand.
The bolt of light misses you.
You hit Ijyb.
Ijyb is heavily wounded.
Ijyb zaps a wand.
The bolt of light hits you!!
Ouch! That really hurt!
You die...

... ............##
... ######..###.##
#.# #........ #.#
#..##...# #.#
#..##.#.#
#.########.....#..
#........#......##
#.######.#........
#@# #.........#
#g# ####......#
..# #(#....# #.##
#.##.... #.
#....... #.
####..## #. #..#
#. #..# #..#


You could see Ijyb.

Vanquished Creatures
  3 adders (D:2)
  A worm (D:3)
  A dart slug (D:1)
  An orc (D:3)
  6 endoplasms
  A giant cockroach (D:1)
  9 goblins
  6 hobgoblins
  2 jackals (D:2)
  4 quokkas
  6 ball pythons
  5 bats
  8 frilled lizards
  5 kobolds
  4 rats
62 creatures vanquished.

Notes
Turn   | Place    | Note
-------+----------+-------------------------------------------
     0 | D:1      | xian the Draconian Fighter began the quest for the Orb.
     0 | D:1      | Reached XP level 1. HP: 19/19 MP: 1/1
    70 | D:1      | Reached XP level 2. HP: 4/26 MP: 2/2
   875 | D:1      | Reached XP level 3. HP: 33/33 MP: 3/3
  1029 | D:2      | Found a faded altar of an unknown god.
  1506 | D:2      | Reached skill level 4 in Fighting
  1506 | D:2      | Reached XP level 4. HP: 38/40 MP: 4/4
  1981 | D:3      | Found Erphotz's Jewellery Emporium.
  2340 | D:3      | Noticed Ijyb
  2352 | D:3      | Killed from afar by Ijyb

Illustrated notes

Levels and vault maps discovered:
D:1:      amcnicky_arrival_single_pillar, layout_rooms, minmay_lizard_pond
D:2:      layout_loops_ring, shapermc_ecumenical_altar_pompeii
D:3:      layout_loops_ring, serial_shops, shop_statue, uniq_ijyb

Skill      XL: |  1  2  3 |
---------------+----------+-----
Axes           | 3 |  3.6
Dodging        | 3 |  3.1
Fighting       | 4 |  4.0
Stealth        | |  0.5
Shields        | |  3.1

Action                   |  1- 3 |  4- 6 || total
-------------------------+-------+-------++-------
Melee: War axe           |   110 |    45 ||   155
       Tailslap          |    13 |     2 ||    15
  Use: Scroll            |     3 |       ||     3
 Stab: Sleeping          |       |     3 ||     3
Armor: Skin              |    35 |    15 ||    50
Dodge: Dodged            |    75 |    17 ||    92
Block: Buckler           |    25 |    14 ||    39
